 Dungeon Crawl Stone Soup version 0.22.1-5-g62c59d919a (webtiles) character file.

374 Joker440 the Cudgeler (level 6, -5/53 HPs)
             Began as a Hill Orc Fighter on Jan 11, 2019.
             Was an Initiate of the Shining One.
             Shot with an arrow by a centaur (7 damage)
             ... on level 7 of the Dungeon.
             The game lasted 01:23:31 (3702 turns).

Joker440 the Cudgeler (Hill Orc Fighter)            Turns: 3702, Time: 01:23:32

Health: -5/53      AC:  7    Str: 21    XL:     6   Next: 72%
Magic:  6/6        EV:  7    Int:  8    God:    the Shining One [......]
Gold:   162        SH:  9    Dex: 10    Spells: 5/5 levels left

rFire    . . .     SeeInvis .   a - +0 flail
rCold    . . .     Gourm    .   c - +0 shield
rNeg     . . .     Faith    .   b - +0 scale mail
rPois    .         Spirit   .   (no helmet)
rElec    .         Reflect  .   (no cloak)
rCorr    .         Harm     .   (no gloves)
MR       .....                  (no boots)
Stlth    ..........             (no amulet)
HPRegen  0.17/turn              (no ring)
MPRegen  0.10/turn              (no ring)

@: glowing, drained
A: no striking features
a: Renounce Religion


You were on level 7 of the Dungeon.
You worshipped the Shining One.
The Shining One was noncommittal.
You were not hungry.

You visited 1 branch of the dungeon, and saw 5 of its levels.

You collected 162 gold pieces.

Inventory:

Hand Weapons
 a - a +0 flail (weapon)
 i - a cursed -3 dagger
 k - a +0 short sword
 o - a +0 spear
 v - a +0 hunting sling
Missiles
 p - 40 arrows
 r - 61 stones
 t - 2 exploding tomahawks (quivered)
 x - 35 bolts
Armour
 b - a +0 scale mail (worn)
 c - a +0 shield (worn)
 l - a +2 pair of boots
 n - a +0 ring mail
Jewellery
 q - an uncursed ring of see invisible {unknown}
 y - a +4 ring of slaying {unknown}
 C - an uncursed ring of protection from magic {unknown}
Scrolls
 h - 2 scrolls of identify
 j - 3 scrolls of teleportation
 m - a scroll of magic mapping {unknown}
 B - a scroll of enchant armour {unknown}
Potions
 d - a potion of might
 e - a potion of flight {unknown}
 g - a potion of cancellation {unknown}
 s - a potion of heal wounds {unknown}
 u - 2 potions of curing {unknown}
 w - a potion of haste {unknown}
 z - a potion of agility {unknown}
 A - 3 potions of brilliance
Comestibles
 f - 4 rations
 D - 5 chunks of flesh


   Skills:
 + Level 4.6(4.0) Fighting
 + Level 4.8(4.1) Maces & Flails
 + Level 1.5(0.9) Throwing
 + Level 4.4(3.8) Armour
 + Level 1.2(0.6) Dodging
 + Level 0.1(0.0) Stealth
 + Level 4.3(3.6) Shields


You had 5 spell levels left.
You didn't know any spells.
Your spell library was empty.

Dungeon Overview and Level Annotations

Branches:
Dungeon (4/15)
 Temple: D:4-7

Altars:
Ashenzari
Vehumet
The Shining One


Message History

A killer bee comes into view.
The centaur wields a shortbow.
The centaur shoots an arrow.
You block the arrow.
A killer bee comes into view.
The killer bee buzzes angrily. x2; You hear an angry buzzing noise.
A killer bee comes into view.
The centaur shoots an arrow.
The arrow hits you.
* * * LOW HITPOINT WARNING * * *
The killer bee moves out of view.
There is an open door here.
You see here an arrow. 2 killer bees come into view.
The killer bee buzzes angrily. x3; You hear a shout! x2
The centaur shoots an arrow.
The arrow hits you. The Shining One protects you from harm!
A killer bee comes into view.
You block the killer bee's attack.
An orc comes into view. It is wielding a hand axe.
The centaur shoots an arrow.
The arrow hits you!
You die...

o...y.. #...y.#
#....#....y# ##
+...O#.....# ..#
###....#.....##..
.......#.......
.......#..yy.#
......>#...@.# .
.......####(##...$ .
..........(........
...................
########................
....#..+................
....#..#............:...
...##..############.c...
##'##..# .....


You could see a centaur, 5 killer bees and an orc.

Vanquished Creatures
  2 ice beasts
  A howler monkey (D:2)
  A worker ant (D:3)
  7 adders
  A worm (D:2)
  4 dart slugs
  3 leopard geckos
  A giant cockroach (D:2)
  7 goblins
  4 hobgoblins (D:2)
  5 jackals
  3 quokkas (D:3)
  2 ball pythons
  3 bats
  6 frilled lizards
  8 kobolds
  7 rats
65 creatures vanquished.

Notes
Turn   | Place    | Note
-------+----------+-------------------------------------------
     0 | D:1      | Joker440 the Hill Orc Fighter began the quest for the Orb.
     0 | D:1      | Reached XP level 1. HP: 19/19 MP: 1/1
    84 | D:1      | Reached XP level 2. HP: 19/27 MP: 2/2
   747 | D:2      | Found a glowing golden altar of the Shining One.
   756 | D:2      | Reached XP level 3. HP: 26/33 MP: 3/3
   771 | D:2      | Became a worshipper of the Shining One
  1229 | D:2      | Reached XP level 4. HP: 38/40 MP: 4/4
  1403 | D:2      | Found a radiant altar of Vehumet.
  1804 | D:3      | Reached XP level 5. HP: 24/47 MP: 5/5
  2003 | D:3      | Found a shattered altar of Ashenzari.
  2696 | D:3      | Noticed an ice beast
  2711 | D:3      | Killed an ice beast
  2711 | D:3      | Reached skill level 1 in Throwing
  2711 | D:3      | Reached skill level 1 in Dodging
  2711 | D:3      | Reached XP level 6. HP: 23/53 MP: 6/6
  3594 | D:4      | You fall through a shaft for 3 floors!
  3616 | D:7      | Noticed an ice beast
  3642 | D:7      | Killed an ice beast
  3701 | D:7      | HP: 2/53 [centaur/arrow (2)]
  3702 | D:7      | The Shining One protects you from harm!
  3702 | D:7      | Shot with an arrow by a centaur

Skill      XL: |  1  2  3  4  5 |
---------------+----------------+-----
Fighting       | 4 |  4.6
Maces & Flails | 3 4 |  4.8
Armour         | 4 |  4.4
Shields        | 4 |  4.3
Throwing       | 1 |  1.5
Dodging        | 1 |  1.2
Stealth        | |  0.1

Action                   |  1- 3 |  4- 6 || total
-------------------------+-------+-------++-------
Melee: Flail             |   121 |   155 ||   276
Throw: Stone             |     1 |    51 ||    52
       Tomahawk          |       |     4 ||     4
  Use: Scroll            |       |     3 ||     3
  Eat: Ration            |     1 |     1 ||     2
       Chunk             |       |     3 ||     3
Armor: Scale mail        |    68 |    54 ||   122
Dodge: Dodged            |    44 |    54 ||    98
Block: Shield            |    52 |    69 ||   121
